Map: Ulrena

Players

ShoWTimE - Winner!

  • Race: Protoss Protoss
  • League: Master

Serral

  • Race: Zerg Zerg
  • League: Grandmaster

Event: NationWars III

VOD

https://www.youtube.com/watch?v=2rN7Cq123hg

Description

Time

  • Played on: Dec. 13, 2015, 3:19 p.m.
  • Length: 17:19

All games in this series

Show
View Real Time Build Order
Export as new Build Order

ShoWTimE Protoss - Winner!

Build Orders: 1 Gate Expand 

Get SALT Encoding   

  12  0:00  Probe (Chrono Boost)  
  13  0:11  Probe (Chrono Boost)  
  14  0:17  Pylon  
  14  0:22  Probe (Chrono Boost)  
  15  0:36  Probe (Chrono Boost)  
  16  0:46  Probe (Chrono Boost)  
  17  0:50  Gateway  
  18  0:57  Probe (Chrono Boost)  
  18  0:59  Assimilator  
  18  1:07  Probe (Chrono Boost)  
  19  1:14  Pylon  
  19  1:26  Nexus  
  19  1:37  Zealot (Chrono Boost)  
  21  1:42  Cybernetics Core  
  21  1:46  Probe  
  22  1:55  Pylon  
  22  1:58  Probe  
  23  2:13  Probe (Chrono Boost), Zealot (Chrono Boost)  
  26  2:25  Mothership Core (Chrono Boost)  
  28  2:30  Assimilator  
  28  2:43  Probe (Chrono Boost)  
  28  2:44  Probe (Chrono Boost)  
  30  2:45  Adept  
  32  2:53  Probe (Chrono Boost)  
  32  2:54  Probe (Chrono Boost)  
  34  3:00  Warp Gate (Chrono Boost)  
  34  3:04  Probe (Chrono Boost)  
  34  3:05  Probe (Chrono Boost)  
  36  3:14  Probe (Chrono Boost)  
  36  3:15  Probe (Chrono Boost), Pylon  
  38  3:25  Probe (Chrono Boost)  
  38  3:26  Probe (Chrono Boost)  
  40  3:27  Robotics Facility  
  40  3:35  Probe (Chrono Boost)  
  40  3:36  Probe (Chrono Boost)  
  42  3:42  Gateway  
  42  3:46  Probe (Chrono Boost)  
  42  3:47  Probe (Chrono Boost), Gateway  
  44  3:57  Probe x2 (Chrono Boost)  
  44  4:00  Twilight Council  
  46  4:07  Probe x2 (Chrono Boost)  
  48  4:11  Pylon  
  48  4:12  Warp Prism (Chrono Boost)  
  50  4:17  Probe  
  50  4:18  Probe  
  50  4:19  Pylon  
  52  4:24  Assimilator  
  52  4:26  Assimilator  
  52  4:28  Probe  
  52  4:30  Probe  
  54  4:36  Resonating Glaives (Chrono Boost)  
  54  4:40  Probe  
  54  4:42  Probe  
  54  4:43  Observer  
  57  4:53  Probe, Nexus  
  57  4:55  Pylon  
  57  4:56  Probe  
  59  5:03  Sentry x3  
  59  5:05  Probe  
  66  5:08  Probe  
  66  5:09  Immortal  
  71  5:16  Pylon  
  71  5:17  Probe  
  71  5:20  Probe  
  71  5:26  Stalker x3  
  77  5:29  Probe  
  77  5:32  Pylon  
  77  5:34  Probe  
  79  5:41  Probe  
  80  5:43  Forge  
  80  5:48  Gateway  
  80  5:49  Gateway  
  80  5:52  Gateway  
  80  5:53  Probe x2  
  82  6:01  Robotics Bay  
  82  6:07  Adept x3  
  80  6:11  Immortal  
  80  6:14  Probe  
  83  6:25  Pylon  
  82  6:28  Sentry  
  82  6:29  Sentry x2, Pylon  
  88  6:38  Protoss Ground Weapons Level 1  
  88  6:39  Pylon  
  88  6:53  Zealot x3, Pylon  
  97  6:54  Pylon  
  97  6:58  Photon Cannon  
  97  7:00  Photon Cannon  
  97  7:05  Pylon  
  95  7:11  Pylon  
  95  7:19  Pylon  
  95  7:21  Pylon  
  93  7:24  Adept x3  
  99  7:36  Disruptor, Pylon  
  91  7:51  Pylon  
  91  7:54  Stalker  
  91  7:55  Stalker  
  93  8:05  Pylon  
  93  8:07  Nexus  
  93  8:08  Disruptor  
  96  8:22  Stalker x2  
  100  8:27  Gateway  
  100  8:28  Gateway, Pylon  
  100  8:30  Gateway  
  100  8:31  Blink (Chrono Boost)  
  100  8:39  Disruptor, Protoss Ground Weapons Level 2  
  100  8:40  Pylon  
  100  8:46  Sentry x3  
  109  8:54  Photon Cannon  
  109  8:56  Gateway  
  109  9:04  Photon Cannon  
  109  9:13  Disruptor, Pylon  
  104  9:20  Adept x4  
  99  9:41  Adept x3  
  99  9:42  Mothership Core, Adept  
  99  9:44  Disruptor  
  99  9:45  Pylon  
  79  10:00  Pylon  
  79  10:03  Probe x2  
  79  10:06  Stalker x2  
  79  10:07  Stalker  
  87  10:09  Pylon  
  87  10:10  Adept  
  89  10:15  Disruptor  
  89  10:20  Stalker  
  89  10:21  Stalker  
  85  10:30  Stalker x2  
  85  10:32  Zealot x2  
  85  10:33  Probe  
  85  10:34  Probe  
  96  10:37  Mothership Core  
  96  10:41  Assimilator  
  97  10:43  Assimilator  
  97  10:45  Probe  
  97  10:46  Probe  
  97  10:48  Observer  
  97  10:49  Zealot x2  
  103  10:55  Zealot x3  
  110  10:58  Probe  
  110  11:04  Stalker x3  
  113  11:09  Stalker x2  
  117  11:18  Pylon  
  117  11:20  Pylon  
  117  11:22  Stalker, Zealot  
  121  11:33  Stalker x3  
  121  11:38  Stalker  
  129  11:40  Disruptor  
  129  11:45  Stalker  
  129  11:46  Zealot  
  136  11:58  Stalker x2  
  136  11:59  Stalker  
  127  12:08  Zealot  
  127  12:11  Disruptor  
  127  12:13  Stalker  
  115  12:20  Stalker  
  119  12:28  Stalker x2  
  123  12:32  Stalker  
  119  12:45  Stalker x3  
  119  12:46  Disruptor  
  128  13:00  Stalker  
  128  13:01  Stalker  
  132  13:07  Stalker  
  134  13:17  Disruptor  
  134  13:26  Stalker x2  
  141  13:45  Nexus  
  141  13:48  Disruptor  
  140  14:09  Pylon  
  136  14:11  Stalker x4  
  144  14:22  Stalker x2  
  142  14:33  Stalker x2  
  139  14:45  Stalker  
  115  15:05  Stalker  
  109  15:22  Probe  
  109  15:23  Probe  
  109  15:24  Probe  
  112  15:33  Probe  
  113  15:35  Probe  
  113  15:36  Probe  
  113  15:40  Disruptor  
  115  15:43  Probe  
  115  15:48  Probe x2  
  117  15:54  Adept  
  117  15:55  Adept x2  
  122  16:05  Stalker x2  
  126  16:15  Stalker, Disruptor  
  126  16:24  Pylon  
  129  16:26  Probe  
  129  16:27  Probe  
  131  16:36  Stalker x2  
  135  16:40  Stalker  
  135  16:42  Stalker  
  139  16:52  Stalker  
  141  16:56  Stalker x2  
  141  17:00  Stalker  
  147  17:05  Stalker x2  
Show
View Real Time Build Order
Export as new Build Order

Serral Zerg 

Build Orders: Pool First, Lurkers 

Get SALT Encoding   

  12  0:01  Drone  
  13  0:12  Overlord  
  13  0:18  Drone  
  14  0:31  Drone x2  
  14  0:35  Drone  
  17  0:45  Spawning Pool  
  17  0:49  Drone  
  17  0:55  Drone  
  18  1:22  Hatchery  
  17  1:32  Queen, Zergling x6  
  22  1:42  Overlord  
  22  2:01  Hatchery  
  22  2:04  Drone  
  22  2:08  Drone  
  23  2:14  Queen  
  25  2:23  Drone  
  26  2:31  Drone  
  27  2:37  Queen  
  27  2:40  Drone x2  
  31  2:44  Drone x2  
  31  2:47  Drone  
  34  2:51  Drone  
  34  2:57  Overlord  
  35  3:05  Drone, Extractor x2  
  35  3:06  Drone  
  35  3:13  Queen  
  35  3:14  Drone  
  35  3:19  Drone x2  
  40  3:22  Zergling x2  
  40  3:23  Zergling x2  
  42  3:29  Drone x2  
  42  3:30  Drone  
  42  3:33  Overlord  
  45  3:36  Drone  
  45  3:38  Drone  
  47  3:41  Drone  
  47  3:42  Drone  
  47  3:46  Drone  
  50  3:49  Overlord  
  50  3:57  Roach Warren  
  50  3:59  Metabolic Boost  
  50  4:01  Drone  
  50  4:04  Drone x2  
  50  4:08  Drone x2  
  54  4:12  Drone x2  
  54  4:13  Drone  
  57  4:17  Overlord  
  57  4:19  Drone  
  57  4:21  Extractor  
  57  4:22  Drone  
  58  4:24  Drone  
  58  4:28  Drone x3  
  62  4:34  Overlord  
  62  4:35  Overlord, Extractor  
  62  4:38  Drone  
  62  4:43  Overlord  
  62  4:49  Roach x5  
  72  4:57  Roach  
  72  4:58  Roach x3  
  80  5:12  Roach x3  
  86  5:18  Overlord  
  86  5:25  Zergling x10  
  91  5:32  Zergling x6  
  91  5:33  Zergling x4  
  91  5:35  Overlord  
  96  5:36  Overlord  
  96  5:47  Ravager x3  
  98  5:53  Ravager x5  
  103  5:58  Zergling x2  
  103  5:59  Zergling x16  
  103  6:17  Ravager x3  
  100  6:23  Zergling x2  
  100  6:24  Zergling x18  
  109  6:27  Lair  
  106  6:42  Roach x2  
  106  6:43  Roach x2  
  106  6:44  Overlord  
  113  6:48  Overlord  
  111  7:05  Drone x10  
  111  7:06  Drone x3  
  118  7:21  Ravager x2  
  117  7:23  Zergling x6  
  117  7:27  Glial Reconstitution  
  117  7:28  Extractor  
  115  7:31  Zergling x2  
  115  7:32  Zergling x4  
  112  7:42  Zergling x20  
  116  7:46  Roach x2  
  106  7:57  Roach x3  
  110  8:00  Extractor  
  110  8:03  Hatchery, Roach  
  110  8:05  Queen  
  110  8:06  Queen x2  
  110  8:08  Ravager x2, Roach x2  
  110  8:09  Overlord x2, Roach x3  
  110  8:10  Overlord x2  
  126  8:23  Hydralisk Den  
  126  8:30  Ravager x5  
  126  8:31  Overseer  
  131  8:34  Drone x3  
  131  8:35  Drone  
  135  8:50  Roach  
  135  8:51  Roach x11  
  135  8:54  Lurker Den  
  156  9:05  Roach x3  
  156  9:06  Overlord  
  156  9:07  Overlord  
  140  9:37  Roach x13  
  127  9:55  Roach x3  
  121  10:04  Roach x3  
  127  10:10  Pneumatized Carapace  
  127  10:12  Ravager x4  
  131  10:21  Roach x6  
  122  10:22  Hatchery  
  109  10:30  Roach x9  
  126  10:41  Evolution Chamber  
  123  10:44  Hydralisk x5  
  123  10:46  Hydralisk  
  135  10:51  Ravager x5  
  130  11:09  Zerg Missile Weapons Level 1  
  130  11:14  Roach x10  
  130  11:16  Drone x2  
  148  11:35  Roach x7  
  148  11:36  Lurker  
  148  11:37  Lurker  
  164  11:45  Lurker  
  163  11:59  Roach  
  163  12:00  Roach x10  
  155  12:16  Lurker  
  156  12:23  Hydralisk x2  
  156  12:24  Hydralisk x4  
  162  12:41  Roach  
  162  12:42  Roach x10  
  163  12:49  Ravager  
  154  12:55  Extractor  
  153  13:00  Roach  
  153  13:01  Roach x9  
  171  13:08  Drone x3  
  171  13:10  Extractor  
  160  13:31  Spine Crawler  
  159  13:38  Lurker x2  
  159  13:39  Lurker x2  
  158  13:44  Roach x13  
  158  13:45  Roach  
  154  14:07  Roach x5  
  154  14:08  Roach x7  
  132  14:29  Roach x7  
  132  14:30  Roach  
  145  14:37  Roach x2  
  116  14:56  Roach x4  
  101  15:22  Ravager x2  
  101  15:23  Ravager x12  
  95  15:52  Roach  
  95  15:53  Roach x3  
  88  16:26  Roach  
  88  16:27  Roach x2  
  98  16:42  Hatchery  
Tags
 
Add a new tag
Caveats
  • Supply blocks, unpowered buildings, or Contaminate may cause inaccurate times.
  • Supply counts are checked every 10 seconds.